AoeStats
← jeibanez

Arena

508543350Analyzed
4v4 RM · 7d ago on Sep 22, 2026· 41m 18s· 8 players
Game mode
Random Map
Map size
Large (8 player)
Population
200
Speed
Normal
Resources
Standard
Victory
Conquest
Starting age
Dark Age
Ending age
Imperial Age
RankedLock teamsTeams togetherTeam positionsShared explorationLock speedFull tech treeHidden civsTurbo modeCheats
Victory
Defeat
🇨🇷 Malay · Costa Rica
1203
+9
🇨🇴 Slavs · Colombia
1137
+11
🇨🇴 Bohemians · Colombia
1111
+12
🇨🇴 Hindustanis · Colombia
1101
+12
🇺🇸 Danes · United States
1078
-13
🇨🇳 Magyars · China
1062
-12
🇨🇴 Saracens · Colombia
1001
-10
🇨🇴 Lithuanians · Colombia
982
-9
sushsar
12:11 Feudal Age
15:55 Castle Age
13:50 Horse Collar
14:44 Double-Bit Axe
17:12 Heavy Plow
17:24 Bow Saw
17:19 Loom
19:40 Scale Mail Armor
20:24 Pikeman
22:38 Chain Mail Armor
23:46 Squires
23:33 Arson
24:53 Wheelbarrow
25:26 Town Watch
25:53 Forging
27:36 Hand Cart
29:19 Iron Casting
29:16 Gambesons
28:54 Man-at-Arms
29:41 Town Patrol
30:34 Gold Mining
30:16 Long Swordsman
37:17 Imperial Age
34:40 Fletching
37:38 Two-Handed Swordsman
37:41 Halberdier
39:24 Plate Mail Armor
39:55 Blast Furnace
38:58 Northmen's Fury
39:02 Champion
likelisi017
11:15 Feudal Age
13:49 Double-Bit Axe
16:32 Castle Age
14:18 Horse Collar
17:59 Bow Saw
17:53 Heavy Plow
19:08 Fervor
20:34 Loom
24:01 Wheelbarrow
25:10 Gold Mining
26:09 Ballistics
26:18 Crossbowman
28:17 Gold Shaft Mining
31:21 Imperial Age
29:21 Thumb Ring
29:10 Fletching
29:56 Corvinian Army
30:37 Hand Cart
31:53 Bodkin Arrow
31:59 Padded Archer Armor
33:03 Chemistry
31:58 Murder Holes
32:41 Town Watch
33:22 Conscription
32:26 Heavy Cavalry Archer
32:30 Arbalester
34:15 Parthian Tactics
34:21 Bracer
35:32 Two-Man Saw
35:07 Crop Rotation
34:22 Elite Skirmisher
35:27 Leather Archer Armor
WololoJedi
7:05 Loom
11:00 Feudal Age
12:16 Wheelbarrow
11:30 Double-Bit Axe
11:41 Gold Mining
11:34 Horse Collar
19:29 Castle Age
17:31 Stone Mining
18:11 Forging
17:52 Man-at-Arms
19:07 Scale Barding Armor
19:15 Scale Mail Armor
21:14 Long Swordsman
21:55 Squires
38:47 Bow Saw
Jan_Rui
10:42 Feudal Age
12:47 Wheelbarrow
13:19 Double-Bit Axe
15:57 Castle Age
13:38 Horse Collar
25:17 Bow Saw
25:11 Heavy Plow
26:59 Gold Mining
27:01 Stone Mining
27:48 Scale Barding Armor
27:53 Forging
28:32 Loom
29:02 Hand Cart
28:32 Town Watch
29:36 Chain Barding Armor
30:33 Iron Casting
31:21 Gold Shaft Mining
34:00 Imperial Age
31:24 Fletching
31:34 Padded Archer Armor
32:31 Bloodlines
32:21 Husbandry
32:55 Ballistics
34:25 Heavy Camel Rider
35:50 Plate Barding Armor
36:15 Blast Furnace
35:55 Bodkin Arrow
36:16 Leather Archer Armor
36:16 Bimaristan
36:29 Conscription
36:09 Onager
36:23 Light Cavalry
jeibanez
11:43 Feudal Age
12:09 Double-Bit Axe
12:58 Horse Collar
17:51 Castle Age
16:45 Bloodlines
18:38 Forging
19:38 Scale Barding Armor
19:51 Light Cavalry
21:36 Husbandry
27:00 Wheelbarrow
27:02 Heavy Plow
30:59 Loom
31:30 Hand Cart
36:26 Gold Mining
39:34 Grand Trunk Road
40:16 Gold Shaft Mining
40:26 Iron Casting
juandicemo
11:43 Feudal Age
15:36 Castle Age
13:29 Double-Bit Axe
13:47 Gold Mining
14:25 Horse Collar
16:00 Scale Mail Armor
20:43 Loom
23:06 Fletching
26:54 Chain Mail Armor
26:50 Forging
27:19 Wheelbarrow
26:31 Town Watch
29:18 Hand Cart
29:15 Bow Saw
29:09 Heavy Plow
29:01 Stone Mining
29:47 Gold Shaft Mining
28:40 Man-at-Arms
28:41 Pikeman
29:22 Squires
29:59 Iron Casting
29:55 Long Swordsman
32:29 Detinets
35:50 Imperial Age
36:59 Imperial Age
37:52 Ballistics
37:43 Masonry
37:04 Heavy Scorpion
37:05 Capped Ram
39:17 Chemistry
38:28 Masonry
38:24 Siege Engineers
38:31 Masonry
38:28 Druzhina
37:51 Two-Handed Swordsman
37:52 Halberdier
38:55 Siege Ram
alemarioh
10:38 Feudal Age
15:30 Castle Age
13:33 Horse Collar
14:04 Double-Bit Axe
15:29 Bow Saw
15:52 Heavy Plow
21:49 Forging
22:58 Wheelbarrow
22:17 Gold Mining
22:27 Stone Mining
23:31 Loom
28:21 Imperial Age
26:07 Hand Cart
25:37 Town Watch
26:32 Gold Shaft Mining
27:47 Iron Casting
28:22 Crop Rotation
28:27 Stone Shaft Mining
29:38 Blast Furnace
29:02 Conscription
30:38 Heavy Scorpion
32:21 Chemistry
31:32 Masonry
31:12 Elite Karambit Warrior
34:26 Ballistics
34:13 Siege Engineers
33:52 Treadmill Crane
34:02 Heated Shot
36:12 Pikeman
36:53 Squires
37:52 Thalassocracy
37:53 Forced Levy
Enchiskan
10:49 Feudal Age
12:18 Loom
14:54 Castle Age
13:12 Double-Bit Axe
13:31 Horse Collar
17:38 Pikeman
19:35 Redemption
22:48 Heavy Plow
23:01 Pikeman
23:41 Squires
23:27 Arson
29:31 Fletching
33:23 Imperial Age
30:54 Murder Holes
31:08 Bodkin Arrow
31:14 Padded Archer Armor
34:00 Ballistics
34:41 Chemistry
34:34 Conscription
33:44 Halberdier
38:05 Fervor
39:51 Wheelbarrow
39:01 Town Watch
Connection lost

Rejoining the realm…

Still unreachable

The connection could not be restored.

Session expired

The server has moved on; the page needs a fresh start.